Map: King's Cove LE

Players

zompin - Winner!

  • Race: Protoss Protoss
  • League: Platinum
  • Spawn Location: 11:00

Woah

  • Race: Terran Terran
  • Spawn Location: 5:00

VOD

Have the link to the VOD?

Description

Time

  • Played on: June 12, 2019, 1:19 a.m.
  • Length: 24:30
Show
View Real Time Build Order
Export as new Build Order

zompin Protoss - Winner!

Build Orders: 1 Gate Expand 

Get SALT Encoding   

  12  0:01  Probe  
  13  0:14  Probe, Pylon  
  14  0:22  Probe  
  15  0:32  Probe  
  16  0:44  Probe, Gateway  
  17  1:04  Probe  
  18  1:21  Nexus  
  18  1:25  Forge  
  18  1:32  Zealot  
  20  1:46  Pylon  
  20  1:55  Pylon  
  20  2:05  Photon Cannon  
  20  2:13  Photon Cannon  
  20  2:17  Pylon  
  20  2:23  Photon Cannon  
  20  2:35  Zealot  
  22  3:15  Probe  
  22  3:17  Assimilator  
  22  3:18  Zealot  
  25  3:21  Assimilator  
  25  3:27  Probe  
  25  3:30  Probe  
  27  3:38  Probe x2  
  28  3:45  Cybernetics Core  
  28  3:47  Probe  
  28  3:48  Probe  
  25  3:55  Probe  
  26  3:58  Probe  
  28  4:04  Gateway  
  28  4:05  Probe, Pylon  
  28  4:06  Probe  
  29  4:15  Probe  
  30  4:26  Probe  
  27  4:32  Stalker  
  27  4:35  Probe  
  30  4:38  Probe  
  31  4:47  Probe  
  32  4:58  Stalker  
  32  5:07  Gateway  
  32  5:11  Probe  
  33  5:23  Probe  
  33  5:24  Probe  
  33  5:25  Stalker  
  35  5:31  Assimilator  
  35  5:32  Probe  
  35  5:36  Assimilator  
  35  5:42  Probe  
  36  5:43  Stalker  
  36  5:45  Pylon  
  36  5:47  Twilight Council  
  36  5:48  Probe  
  40  5:51  Probe  
  41  5:59  Probe  
  41  6:00  Pylon  
  42  6:08  Warp Gate, Probe  
  42  6:13  Robotics Facility  
  43  6:19  Photon Cannon  
  43  6:20  Probe x2  
  45  6:28  Probe  
  45  6:29  Dark Shrine  
  45  6:30  Charge  
  46  6:33  Probe  
  46  6:36  Probe  
  47  6:47  Stalker, Probe  
  48  6:48  Probe  
  52  6:56  Probe  
  53  7:06  Probe  
  53  7:07  Observer  
  55  7:16  Stargate  
  55  7:47  Stargate  
  55  7:51  Probe  
  55  7:52  Pylon  
  55  7:53  Gateway  
  55  7:54  Gateway  
  56  7:59  Probe  
  57  8:08  Probe  
  57  8:09  Probe  
  59  8:15  Fleet Beacon  
  59  8:18  Robotics Bay  
  59  8:21  Pylon  
  59  8:22  Dark Templar  
  59  8:25  Dark Templar  
  63  8:33  Nexus  
  63  8:35  Protoss Ground Weapons Level 1  
  63  8:36  Pylon  
  63  8:37  Dark Templar  
  65  8:56  Void Ray  
  69  9:03  Assimilator  
  69  9:06  Assimilator  
  69  9:33  Nexus  
  69  9:36  Pylon  
  69  9:37  Pylon  
  69  9:41  Colossus  
  69  9:42  Photon Cannon  
  69  9:43  Extended Thermal Lance  
  69  9:44  Assimilator  
  69  9:45  Assimilator  
  75  9:46  Tempest  
  75  9:47  Phoenix  
  75  9:50  Zealot  
  75  9:51  Zealot  
  86  10:13  Probe  
  87  10:19  Tempest  
  92  10:25  Probe, Robotics Facility  
  91  10:37  Probe  
  92  10:46  Probe  
  92  10:49  Probe  
  93  10:53  Colossus  
  93  10:54  Probe  
  100  11:00  Zealot  
  100  11:01  Probe  
  100  11:03  Probe  
  104  11:04  Probe  
  104  11:10  Protoss Shields Level 1  
  106  11:11  Probe  
  106  11:12  Protoss Air Weapons Level 1  
  106  11:13  Probe  
  106  11:14  Colossus  
  106  11:16  Probe  
  115  11:21  Dark Templar, Probe  
  118  11:28  Probe, Blink  
  118  11:31  Stalker  
  121  11:33  Probe  
  121  11:39  Photon Cannon  
  122  11:40  Probe  
  122  11:41  Photon Cannon, Probe  
  124  11:49  Probe  
  124  11:52  Probe  
  126  11:56  Phoenix  
  126  12:00  Probe  
  128  12:01  Nexus  
  129  12:09  Tempest  
  129  12:14  Pylon  
  132  12:32  Probe  
  133  12:45  Photon Cannon  
  133  12:46  Shield Battery  
  133  12:48  Shield Battery  
  133  12:49  Shield Battery, Carrier  
  139  13:00  Stargate  
  139  13:01  Probe  
  140  13:08  Protoss Ground Armor Level 1  
  140  13:09  Pylon  
  140  13:10  Pylon  
  140  13:12  Colossus, Pylon  
  140  13:13  Probe  
  140  13:14  Pylon  
  140  13:18  Probe  
  147  13:25  Probe  
  147  13:26  Probe  
  147  13:27  Pylon  
  149  13:30  Assimilator  
  149  13:32  Assimilator  
  151  13:34  Observer  
  151  13:36  Probe  
  151  13:37  Probe, Void Ray  
  158  13:48  Probe  
  158  13:49  Probe  
  158  13:53  Void Ray  
  163  14:00  Probe  
  164  14:05  Protoss Air Armor Level 1  
  164  14:07  Anion Pulse-Crystals  
  164  14:10  Probe  
  164  14:14  Probe  
  165  14:18  Probe  
  165  14:19  Phoenix  
  165  14:22  Probe  
  169  14:26  Probe  
  171  14:32  Probe  
  171  14:34  Probe  
  171  14:36  Phoenix  
  174  14:43  Probe  
  174  14:44  Tempest  
  174  14:45  Void Ray  
  185  15:00  Tempest  
  185  15:03  Pylon  
  185  15:05  Stargate x2  
  191  15:07  Probe  
  191  15:19  Probe  
  191  15:20  Protoss Shields Level 2  
  192  15:28  Carrier  
  196  15:43  Phoenix  
  190  16:08  Void Ray  
  184  16:16  Protoss Air Weapons Level 2  
  155  17:41  Phoenix x3  
  155  17:42  Void Ray x2  
  155  17:43  Protoss Ground Weapons Level 2  
  140  18:06  Nexus, Pylon, Tempest, Carrier  
  140  18:07  Carrier  
  140  18:09  Assimilator  
  140  18:10  Assimilator  
  153  18:19  Stargate  
  153  18:22  Pylon  
  153  18:23  Stargate  
  153  18:25  Tempest  
  158  18:31  Carrier  
  164  18:35  Colossus x2  
  164  18:40  Dark Templar x2  
  180  18:41  Stalker  
  180  18:42  Stalker, Zealot  
  186  18:49  Void Ray  
  186  18:53  Protoss Air Armor Level 2  
  190  19:05  Probe  
  190  19:08  Tempest  
  190  19:09  Probe  
  194  19:10  Phoenix  
  194  19:13  Probe  
  193  19:17  Probe x2, Mothership  
  193  19:23  Probe  
  194  19:25  Probe  
  194  19:26  Probe  
  194  19:28  Dark Templar  
  199  19:35  Probe  
  200  19:44  Dark Templar x2  
  186  20:21  Protoss Shields Level 3  
  158  21:09  Probe  
  155  21:31  Protoss Air Weapons Level 3  
  155  21:33  Nexus, Void Ray, Tempest  
  155  21:34  Phoenix, Carrier  
  155  21:35  Void Ray  
  155  21:36  Pylon  
  155  21:37  Pylon, Tempest x2  
  155  21:39  Assimilator  
  186  21:41  Colossus x2  
  186  21:44  Assimilator  
  186  21:46  Pylon  
  198  21:48  Pylon  
  198  21:54  Probe  
  199  22:01  Photon Cannon  
  199  22:02  Probe  
  199  22:05  Photon Cannon  
  200  22:08  Photon Cannon  
  200  22:40  Nexus  
  200  22:42  Pylon  
  200  22:45  Assimilator  
  200  22:49  Assimilator  
  200  22:56  Nexus  
  200  22:59  Assimilator  
  200  23:03  Assimilator  
  200  23:05  Pylon  
  200  23:06  Pylon  
Show
View Real Time Build Order
Export as new Build Order

Woah Terran 

Build Orders: Reaper Expand 

Get SALT Encoding   

  12  0:01  SCV  
  13  0:13  SCV  
  14  0:19  Supply Depot  
  14  0:25  SCV  
  15  0:41  SCV  
  15  0:42  Barracks  
  16  0:46  Refinery  
  16  0:53  SCV  
  17  1:05  SCV  
  18  1:28  Orbital Command  
  18  1:29  Reaper  
  19  1:45  Command Center  
  19  2:07  Factory  
  19  2:19  Barracks Tech Lab  
  19  2:22  Bunker  
  19  2:28  Supply Depot  
  18  2:55  Marauder  
  19  3:07  Widow Mine  
  20  3:17  Marauder  
  21  3:32  Widow Mine  
  23  3:53  Widow Mine  
  23  4:03  SCV  
  24  4:27  Widow Mine  
  24  4:29  SCV  
  25  4:32  Barracks  
  25  4:33  Barracks  
  25  4:35  Marauder, Command Center, Barracks  
  25  4:36  Factory  
  27  4:41  SCV  
  25  4:55  Widow Mine  
  28  5:21  SCV  
  28  5:22  Factory Tech Lab  
  28  5:26  Refinery  
  28  5:33  SCV  
  25  5:45  SCV  
  25  5:48  Barracks Reactor x2, Barracks Tech Lab  
  26  5:51  Orbital Command  
  26  5:57  SCV  
  27  6:07  Bunker  
  27  6:09  SCV  
  28  6:17  Siege Tank  
  31  6:21  SCV  
  32  6:28  Orbital Command  
  32  6:34  SCV  
  33  6:40  Stimpack  
  33  6:41  Marine x3  
  33  6:46  SCV  
  37  6:58  SCV  
  38  7:08  Engineering Bay  
  38  7:09  Starport  
  38  7:11  SCV x2  
  40  7:17  Widow Mine  
  42  7:23  SCV x2  
  44  7:35  SCV  
  43  7:47  SCV x2  
  45  7:53  Combat Shield  
  45  7:56  Factory Tech Lab  
  45  7:59  SCV, Refinery x2  
  45  8:03  Command Center  
  46  8:13  Supply Depot  
  46  8:14  Supply Depot  
  46  8:15  Supply Depot  
  46  8:29  Engineering Bay  
  46  8:34  Raven  
  46  8:35  SCV x2, Marauder x2  
  46  8:36  Supply Depot  
  54  8:44  Missile Turret  
  54  8:49  Marine  
  54  8:50  Marine  
  54  8:53  Missile Turret x2  
  56  8:59  Terran Infantry Armor Level 1  
  56  9:03  Terran Infantry Weapons Level 1  
  56  9:09  Supply Depot  
  56  9:11  SCV  
  57  9:21  Marauder, Marine  
  57  9:23  SCV  
  61  9:26  Marine  
  62  9:35  Orbital Command  
  62  9:44  Barracks  
  62  9:47  Starport Reactor  
  62  9:48  Armory  
  62  9:52  Missile Turret  
  62  9:54  Marine  
  62  9:55  Marine  
  62  9:58  Marine  
  66  10:00  SCV x2  
  67  10:07  Marine x3  
  70  10:17  Supply Depot  
  70  10:24  Orbital Command  
  70  10:25  Siege Tank  
  70  10:26  Marauder  
  75  10:40  Supply Depot  
  75  10:51  Medivac x2  
  79  10:58  Missile Turret, Marine  
  79  10:59  Marauder x2, Bunker x2, Marine  
  87  11:05  Terran Infantry Weapons Level 2  
  87  11:09  SCV  
  87  11:10  SCV x2  
  88  11:21  Terran Infantry Armor Level 2  
  88  11:22  SCV  
  89  11:44  Bunker, Marine  
  89  11:45  Marauder x2, Marine x3  
  89  11:46  Marauder  
  99  11:53  Supply Depot  
  99  11:58  SCV  
  99  11:59  SCV x2  
  102  12:02  Marine x2  
  102  12:05  Missile Turret  
  102  12:06  Marauder  
  102  12:07  Marauder  
  108  12:09  Missile Turret  
  108  12:11  SCV x3  
  111  12:23  SCV x2  
  113  12:30  Bunker x2  
  113  12:34  Marauder x3, Marine x3  
  113  12:35  Marine  
  113  12:36  Viking  
  125  12:59  Command Center  
  125  13:03  Refinery  
  125  13:04  Refinery  
  125  13:09  Supply Depot x2  
  125  13:25  Supply Depot  
  125  13:26  Supply Depot x2  
  125  13:30  SCV x3, Marine x3  
  125  13:31  Marauder x3  
  137  13:34  Terran Infantry Weapons Level 3  
  137  13:38  Terran Infantry Armor Level 3  
  137  13:42  SCV x3  
  140  13:52  Marauder x3  
  140  13:55  SCV x2  
  148  14:07  Missile Turret, Bunker  
  148  14:08  Missile Turret  
  148  14:09  Bunker  
  148  14:13  Bunker  
  148  14:17  Sensor Tower  
  148  14:18  Planetary Fortress  
  148  14:22  Viking  
  153  14:34  Viking  
  152  14:39  Starport x2  
  152  14:42  Terran Ship Weapons Level 1  
  152  14:45  Armory x2  
  152  14:57  Starport  
  152  14:59  Starport  
  152  15:00  Fusion Core  
  152  15:10  Missile Turret x3  
  152  15:11  Missile Turret  
  152  15:17  Missile Turret  
  152  15:29  Viking  
  152  15:30  Viking  
  152  15:32  Starport Reactor, Command Center  
  152  15:33  Starport Reactor x2  
  152  15:35  Starport Reactor  
  156  15:51  Sensor Tower  
  156  15:52  Sensor Tower  
  140  16:12  Viking  
  140  16:13  Viking x7  
  153  16:25  Viking x2  
  154  16:31  Terran Vehicle And Ship Armor Level 1, Terran Vehicle Weapons Level 1  
  154  16:42  Viking  
  154  16:46  Supply Depot  
  154  16:47  Supply Depot x2  
  144  16:59  Missile Turret  
  129  17:03  Viking x3  
  135  17:25  Viking x3  
  135  17:26  Viking  
  107  17:47  Viking x2  
  103  17:58  Marine x2  
  93  18:07  Marine  
  92  18:16  Marine x3  
  95  18:39  Terran Vehicle Weapons Level 2, Terran Vehicle And Ship Armor Level 2  
  95  18:40  Terran Ship Weapons Level 2  
  95  18:43  Viking  
  97  18:49  Refinery  
  97  18:51  Refinery  
  97  19:03  Marine x7  
  104  19:21  Marine  
  104  19:23  Marine  
  106  19:24  Marine x4  
  106  19:27  Viking x2  
  114  19:40  Orbital Command  
  114  19:41  Viking  
  114  19:42  Viking x2  
  114  19:44  Viking  
  113  20:12  Viking x4  
  174  20:35  Viking x2  
  90  20:36  Viking x2  
  90  20:39  Marine  
  90  20:40  Marine x6  
  83  20:57  Marine x2  
  83  21:00  Viking  
  83  21:01  Viking  
  83  21:04  Marine x3  
  85  21:05  Marine x2  
  88  21:19  Missile Turret  
  88  21:20  Missile Turret  
  88  21:21  Missile Turret  
  88  21:33  Viking  
  90  21:42  Missile Turret  
  90  21:44  Marine x2  
  90  21:45  Marine  
  93  21:53  Viking  
  95  21:58  SCV  
  97  22:13  Viking  
  97  22:15  Viking  
  100  22:24  Viking  
  102  22:36  Orbital Command  
  102  22:41  Viking  
  102  22:42  Viking, Missile Turret  
  106  22:56  Viking  
  81  23:39  Viking x7  
Tags
 
Add a new tag
Caveats
  • Supply blocks, unpowered buildings, or Contaminate may cause inaccurate times.
  • Supply counts are checked every 10 seconds.